 Dungeon Crawl Stone Soup version 0.29-a0-360-g8ed1089bbe (webtiles) character file.

Game seed: 1159729405529110935

32 lunkers the Digger (level 3, 0/24 HPs)
             Began as a Formicid Earth Elementalist on Apr 28, 2022.
             Slain by Sigmund
             ... wielding a +0 scythe
              (12 damage)
             ... on level 2 of the Dungeon.
             The game lasted 00:01:20 (949 turns).

lunkers the Digger (Formicid Earth Elementalist)     Turns: 949, Time: 00:01:21

Health: 0/24       AC:  2    Str: 12    XL:     3   Next: 42%
Magic:  2/7        EV: 12    Int: 16    God:
Gold:   85         SH:  0    Dex: 11    Spells: 6/7 levels left

rFire   . . .      SeeInvis +   (no weapon)
rCold   . . .      Faith    .   (no shield)
rNeg    . . .      Spirit   .   b - +0 robe
rPois   .          Reflect  .   (helmet unavailable)
rElec   .          Harm     .   (no cloak)
rCorr   .          Rampage  .   (no gloves)
Will    .....                   (no boots)
Stlth   ++........              (no amulet)
HPRegen 0.08/turn               (no ring)
MPRegen 0.10/turn               (no ring)

@: no status effects
A: permanent stasis, dig shafts and tunnels, antennae 3, four strong arms
a: Dig, Shaft Self


You were on level 2 of the Dungeon.
You visited 1 branch of the dungeon, and saw 2 of its levels.

You collected 85 gold pieces.

Inventory:

Missiles
 a - 34 stones
Armour
 b - a +0 robe (worn)
Jewellery
 d - a ring of protection from fire
 h - an amulet of faith
 j - a +6 ring of strength
Scrolls
 n - a scroll of brand weapon {unknown}
Potions
 c - a potion of magic
 e - a potion of attraction {unknown}
 f - a potion of mutation {unknown}
 g - a potion of degeneration {unknown}
 i - a potion of lignification {unknown}
 k - a potion of might {unknown}
 l - 2 potions of experience {unknown}
 m - a potion of heal wounds {unknown}


   Skills:
 - Level 1.7 Dodging
 - Level 2.4 Stealth
 + Level 2.7 Spellcasting
 - Level 1.1 Transmutations
 * Level 4.7 Earth Magic


You had 6 spell levels left.
You knew the following spells:

 Your Spells              Type           Power      Damage    Failure   Level
a - Sandblast             Erth           34%        2d9       2%          1

Your spell library contained the following spells:

 Spells                   Type           Power      Damage    Failure   Level
 Passwall                 Tmut/Erth      9%         N/A       9%          2
 Sting                    Tmut/Pois      12%        1d3       16%         1
 Stone Arrow              Conj/Erth      18%        3d8       22%         3
 Poisonous Vapours        Pois/Air       4%         N/A       28%         2
 Petrify                  Tmut/Erth      11%        N/A       50%         4
 Olgreb's Toxic Radiance  Pois           2%         N/A       88%         4


Dungeon Overview and Level Annotations

Branches:
Dungeon (2/15)

Altars:

Shops:
D:2 ?

Annotations:
D:2 1 runed translucent door, Crazy Yiuf, Sigmund


Innate Abilities, Weirdness & Mutations

You cannot be hasted, slowed, berserked, paralysed or teleported.
You can dig through walls and to a lower floor.
You have a pair of large antennae on your head. (SInv)
Your four strong arms can wield two-handed weapons with a shield.


Message History

No target in view!
No target in view!
Sigmund is nearby!
You see here a +0 club.
Casting: Sandblast (safe; 2% risk of failure)
Confirm with . or Enter, or press ? or * to list all spells.
The blast of sand hits Sigmund but does no damage.
Casting: Sandblast (safe; 2% risk of failure)
Confirm with . or Enter, or press ? or * to list all spells.
The blast of sand hits Sigmund but does no damage.
Sigmund hits you from afar with a +0 scythe!
Ouch! That really hurt!
* * * LOW HITPOINT WARNING * * *
Casting: Sandblast (safe; 2% risk of failure)
Confirm with . or Enter, or press ? or * to list all spells.
Aiming: Sandblast (safe; 2% risk of failure)
Press: ? - help, Shift-Dir - straight line, f/p - Sigmund
Aim: Sigmund, wielding a +0 scythe, wearing a +0 robe and carrying a wand of digging (4) (77% to hit)
The blast of sand hits Sigmund but does no damage.
Sigmund closely misses you.
Unknown command.
Casting: Sandblast (safe; 2% risk of failure)
Confirm with . or Enter, or press ? or * to list all spells.
Aiming: Sandblast (safe; 2% risk of failure)
Press: ? - help, Shift-Dir - straight line, f/p - Sigmund
Aim: Sigmund, wielding a +0 scythe, wearing a +0 robe and carrying a wand of digging (4) (77% to hit)
The blast of sand hits Sigmund!
Sigmund is moderately wounded.
Unknown command.
You see here a +0 club.
Casting: Sandblast (safe; 2% risk of failure)
Confirm with . or Enter, or press ? or * to list all spells.
Aiming: Sandblast (safe; 2% risk of failure)
Press: ? - help, Shift-Dir - straight line, f/p - Sigmund
Aim: Sigmund, wielding a +0 scythe, wearing a +0 robe and carrying a wand of digging (4) (moderately wounded, 77% to hit)
The blast of sand hits Sigmund!
Sigmund is almost dead.
Sigmund hits you from afar with a +0 scythe!
Ouch! That really hurt!
You die...

. ..
....###############
..................#
#................#
#...####.###.#####♣♣♣♣♣
#...@.@..# #.###....♣.♣
....#.######
#.##...PP.♣. . #
#.#......♣♣♣ #.......♣♣
#.#####♣♣ { #....#
#.##.# #.##.# ##
#.##.#### #.


You could see Sigmund.

Vanquished Creatures
  An adder (D:2)
  A worm (D:2)
  A ball python (D:1)
  A bat (D:2)
  2 goblins
  3 hobgoblins (D:1)
  5 jackals
  A kobold (D:2)
  A frilled lizard (D:2)
  A rat (D:1)
17 creatures vanquished.

Vanquished Creatures (others)
  7 toadstools (D:1)
7 creatures vanquished.

Grand Total: 24 creatures vanquished

Notes
Turn   | Place    | Note
-------+----------+-------------------------------------------
     0 | D:1      | lunkers the Formicid Earth Elementalist began the quest for
                  | the Orb.
     0 | D:1      | Reached XP level 1. HP: 13/13 MP: 3/3
   350 | D:1      | Reached skill level 4 in Earth Magic
   350 | D:1      | Reached XP level 2. HP: 19/19 MP: 3/5
   713 | D:2      | Found Qaotomm's Magic Scroll Shop.
   717 | D:2      | Reached XP level 3. HP: 24/24 MP: 4/7
   901 | D:2      | Found a runed translucent door.
   902 | D:2      | Noticed Crazy Yiuf
   926 | D:2      | Noticed Sigmund
   949 | D:2      | Slain by Sigmund

Illustrated notes

Levels and vault maps discovered:
D:1:      nagdon_arrival_double_spiral, layout_rooms
D:2:      layout_basic, serial_shops, nicolae_shop_advertising_works
          [nicolae_subvault_shop_adworks], uniq_sigmund, uniq_crazy_yiuf_cottage

Skill      XL: |  1 |
---------------+----+-----
Earth Magic    | 4 |  4.7
Dodging        | |  1.7
Stealth        | |  2.4
Spellcasting   | |  2.7
Transmutations | |  1.1

Action                   || total
-------------------------++-------
 Cast: Sandblast         ||    28
Dodge: Dodged            ||     1

Table legend: (Time is in decaauts)
 A = Elapsed time spent in this place.
 B = Non-inter-level travel time spent in this place.
 C = Inter-level travel time spent in this place.
 D = Time resting spent in this place.
 E = Time spent auto-exploring this place.
 F = Levels seen in this place.
 G = Mean time per level.
                   A        B        C        D        E       F      G
               +--------+--------+--------+--------+--------+-----+--------+
         Total |    949 |    925 |     24 |     47 |    767 |   2 |  474.5 |
       Dungeon |    949 |    925 |     24 |     47 |    767 |   2 |  474.5 |
               +--------+--------+--------+--------+--------+-----+--------+

Top non-repeatable levels by time:
     D:1: 680 daAuts
     D:2: 269 daAuts
